 Dungeon Crawl Stone Soup version 0.32-a0-918-g0f22ef8d61 (webtiles) character file.

Game seed: 6693364978479802852

284 uglyjohn the Changeling (level 6, -4/41 HPs)
             Began as an Octopode Shapeshifter on Apr 11, 2024.
             Slain by a goblin
             ... wielding a +0 dagger
             ... led by Robin
              (6 damage)
             ... on level 3 of the Dungeon.
             The game lasted 00:04:23 (2156 turns).

uglyjohn the Changeling (Octopode Shapeshifter)     Turns: 2156, Time: 00:04:24

Health: -4/41      AC:  1    Str: 27    XL:     6   Next: 29%
Magic:  2/2        EV: 12    Int: 12    God:
Gold:   202        SH:  0    Dex: 11    Spells: 5/5 levels left

rFire   . . .        l - +4 whip "Luzoi" {antimagic, Str+5}
rCold   . . .        (no shield)
rNeg    + . .        (helmet currently unavailable)
rPois   .            (no amulet)
rElec   .            f - +6 ring of strength
rCorr   .            h - ring of positive energy
SInv    .            (no ring)
Will    .....        (no ring)
Stlth   ++           (no ring)
HPRegen 0.26/turn    (no ring)
MPRegen 0.08/turn    (no ring)
                     (no ring)

%: no passive effects
@: beast-form
A: beast (slay +2), almost no armour, amphibious, 8 rings, camouflage 1,
gelatinous body 1, (nimble swimmer 1), tentacles
a: Begin Untransformation


You were on level 3 of the Dungeon.
You were a hulking beast.
You visited 1 branch of the dungeon, and saw 3 of its levels.

You collected 202 gold pieces.

Inventory:

Hand Weapons
 l - the +4 whip "Luzoi" (weapon) {antimagic, Str+5}
   (You found it on level 2 of the Dungeon)

   Str+5:     It affects your strength (+5).
Armour
 i - a +0 kite shield
Jewellery
 f - a +6 ring of strength (left tentacle)
 h - a ring of positive energy (right tentacle)
Talismans
 b - a beast talisman (active)
 c - a flux talisman
Wands
 j - a wand of charming (7)
Scrolls
 a - a scroll of revelation {unknown}
 d - 2 scrolls of poison
 m - a scroll of noise {unknown}
 n - a scroll of summoning {unknown}
 o - a scroll of identify {unknown}
 r - a scroll of teleportation {unknown}
Potions
 e - 3 potions of mutation {unknown}
 g - a potion of enlightenment {unknown}
 k - a potion of degeneration {unknown}
 p - a potion of curing {unknown}
 q - a potion of berserk rage {unknown}


   Skills:
 + Level 2.5 Fighting
 + Level 3.2 Dodging
 + Level 1.8 Shields
 + Level 3.9 Unarmed Combat
 * Level 4.4 Shapeshifting


You had 5 spell levels left.
You didn't know any spells.
Your spell library contained the following spells:

 Spells                   Type           Power      Damage    Failure   Level
 Ensorcelled Hibernation  Hex/Ice        0%         N/A       45%         2
 Passwall                 Erth           0%         N/A       69%         3
 Swiftness                Air            0%         N/A       69%         3


Dungeon Overview and Level Annotations

Branches:
Dungeon (3/15)

Altars:
Vehumet

Annotations:
D:3 Robin


Innate Abilities, Weirdness & Mutations

You are a hulking beast.
Your limbs bulge with bestial killing power. (Slay +2)
You cannot wear most types of armour.
You are amphibious.
You can wear up to eight rings at the same time.
Your skin changes colour to match your surroundings (Stealth+).
Your rubbery body absorbs attacks. (AC +1, EV +1)
((You are camouflaged when in or above water. (Stealth+)))
You have tentacles for arms and can constrict up to eight enemies at once.


Message History

The goblin shoots a sling bullet.
The sling bullet hits you but does no damage.
The goblin moves out of view.
You hear a shout!
Robin and a goblin come into view.
The goblin shouts!
The goblin unwields a +0 sling.
The goblin wields a +0 club.
The goblin barely misses you.
You closely miss the goblin. You grab the goblin.
Your squeeze misses the goblin. You constrict the goblin.
Robin roars a battlecry!
The goblins go into a battle-frenzy!
The goblin barely misses you.
You hear a shout!
You whack the goblin!
You kill the goblin!
Robin throws the goblin at you! The goblin hits you with a +0 dagger.
Robin throws the goblin at you! The goblin hits you with a +0 dagger.
The goblin hits you but does no damage.
You completely miss the goblin. Your grab misses the goblin.
The goblin hits you with a +0 dagger. x2; The goblin barely misses you.
You are too injured to fight recklessly!
Unknown command.
You barely miss the goblin. You grab the goblin. You squeeze the goblin.
You kill the goblin!
The goblin hits you with a +0 dagger. The goblin closely misses you.
Robin throws the goblin at you!
You closely miss the goblin. You grab the goblin. You constrict the goblin.
The goblin hits you with a +0 club.
* * * LOW HITPOINT WARNING * * *
The goblin hits you with a +0 dagger.
* * * LOW HITPOINT WARNING * * *
The goblin hits you with a +0 dagger.
* * * LOW HITPOINT WARNING * * *
You whack the goblin!
You kill the goblin!
The goblin barely misses you.
Robin roars a battlecry!
The goblin hits you with a +0 dagger.
You die...

###
#.#
#.#
#.#
#.#
#.#
#.#
#)#
#)#
#h#
#.ggg#
#..###
#.. #.
.. #.
#.


You could see Robin and 2 goblins.

Vanquished Creatures
  Sigmund (D:2)
  A howler monkey (D:2)
  4 adders
  A ribbon worm (D:2)
  3 orcs (D:3)
  6 endoplasms
  4 giant cockroaches
  2 hobgoblins (D:2)
  2 jackals (D:3)
  3 quokkas
  3 ball pythons
  7 bats
  A frilled lizard (D:3)
  12 goblins
  A kobold (D:2)
  3 rats (D:2)
54 creatures vanquished.

Vanquished Creatures (others)
  A goblin (D:2)
1 creature vanquished.

Grand Total: 55 creatures vanquished

Notes
Turn   | Place    | Note
-------+----------+-------------------------------------------
     0 | D:1      | uglyjohn the Octopode Shapeshifter began the quest for the
                  | Orb.
     0 | D:1      | Reached XP level 1. HP: 13/13 MP: 1/1
   196 | D:1      | Found a faded altar of an unknown god.
   444 | D:1      | Reached XP level 2. HP: 18/18 MP: 2/2
  1209 | D:2      | Reached XP level 3. HP: 23/23 MP: 3/3
  1235 | D:2      | Reached XP level 4. HP: 11/29 MP: 4/4
  1254 | D:2      | Reached skill level 1 in Shields
  1381 | D:2      | Identified the +4 whip "Luzoi" {antimagic, Str+5}
  1517 | D:2      | Found a radiant altar of Vehumet.
  1643 | D:2      | Noticed Sigmund
  1650 | D:2      | Killed Sigmund
  1651 | D:2      | Reached skill level 4 in Shapeshifting
  1651 | D:2      | Reached XP level 5. HP: 35/35 MP: 1/5
  1651 | D:2      | Reached XP level 6. HP: 41/41 MP: 2/6
  2150 | D:3      | Noticed Robin
  2155 | D:3      | HP: 2/41 [goblin/+0 dagger[Robin] (6)]
  2156 | D:3      | Slain by a goblin

Illustrated notes

Levels and vault maps discovered:
D:1:      minmay_arrival_diagonal_passages, layout_basic,
          shapermc_ecumenical_altar_mp_urbaneastern, st_stairs_8
D:2:      layout_basic, basic_altar, minmay_joined_circles, uniq_sigmund
D:3:      minmay_razor_zed, layout_loops_ring, uniq_robin

Skill      XL: |  1  2  3  4 |
---------------+-------------+-----
Shields        | 1 |  1.8
Fighting       | 2 |  2.5
Dodging        | 3 |  3.2
Shapeshifting  | 4 |  4.4
Unarmed Combat | |  3.9

Action                     |  1- 3 |  4- 6 || total
---------------------------+-------+-------++-------
  Melee: Unarmed           |    46 |    11 ||    57
         Tentacles         |    11 |     7 ||    18
         Constrict         |    13 |    10 ||    23
         Punch             |     1 |     1 ||     2
         Whip              |       |    29 ||    29
  Evoke: Wand              |       |     1 ||     1
    Use: Potion            |       |     1 ||     1
         Scroll            |       |     1 ||     1
   Stab: Sleeping          |     6 |       ||     6
 Armour: Skin              |    15 |    30 ||    45
  Dodge: Dodged            |    19 |    21 ||    40

Table legend: (Time is in decaauts)
 A = Elapsed time spent in this place.
 B = Non-inter-level travel time spent in this place.
 C = Inter-level travel time spent in this place.
 D = Time resting spent in this place.
 E = Time spent auto-exploring this place.
 F = Levels seen in this place.
 G = Mean time per level.
                   A        B        C        D        E       F      G
               +--------+--------+--------+--------+--------+-----+--------+
         Total |   2153 |   2043 |    110 |    248 |   1485 |   3 |  717.7 |
       Dungeon |   2153 |   2043 |    110 |    248 |   1485 |   3 |  717.7 |
               +--------+--------+--------+--------+--------+-----+--------+

Top non-repeatable levels by time:
     D:2: 965 daAuts
     D:1: 779 daAuts
     D:3: 408 daAuts
